 Dungeon Crawl Stone Soup version 0.28.0-43-g3370ac3207 (webtiles) character file.

Game seed: 14795169612992818510

3008 themarg the Ducker (level 9, 0/69 HPs)
             Began as a Merfolk Summoner on Mar 22, 2022.
             Was an Initiate of Ru.
             Slain by a killer bee (3 damage)
             ... on level 10 of the Dungeon.
             The game lasted 00:51:45 (8518 turns).

themarg the Ducker (Merfolk Summoner)               Turns: 8518, Time: 00:51:46

Health: 0/69       AC:  4    Str:  8    XL:     9   Next: 84%
Magic:  1/17       EV: 17    Int: 18    God:    Ru [......]
Gold:   139        SH:  0    Dex: 21    Spells: 11/18 levels left

rFire   . . .      SeeInvis .   n - +1 scythe
rCold   . . .      Faith    .   (shield currently unavailable)
rNeg    . . .      Spirit   .   a - +0 robe
rPois   .          Reflect  .   e - +1 helmet
rElec   .          Harm     .   (no cloak)
rCorr   .          Rampage  .   (no gloves)
Will    +....                   (no boots)
Stlth   ++++......              (no amulet)
HPRegen 0.21/turn               h - +6 ring of dexterity
MPRegen 0.15/turn               i - ring of willpower

@: brilliant
A: (nimble swimmer 2), mertail
a: Renounce Religion


You were on level 10 of the Dungeon.
You worshipped Ru.
Ru was noncommittal.
You visited 2 branches of the dungeon, and saw 9 of its levels.
You also visited: Sewer.

You collected 189 gold pieces.
You spent 50 gold pieces at shops.

Inventory:

Hand Weapons
 n - a +1 scythe (weapon)
Missiles
 b - 10 boomerangs
 c - 118 stones
Armour
 a - a +0 robe (worn)
 e - a +1 helmet (worn)
Jewellery
 h - a +6 ring of dexterity (left hand)
 i - a ring of willpower (right hand)
 x - a +6 ring of dexterity
Wands
 w - a wand of polymorph (9)
 z - a wand of flame (26)
Scrolls
 d - 2 scrolls of brand weapon
 f - a scroll of summoning
 g - a scroll of torment {unknown}
 j - 2 scrolls of blinking
 o - 2 scrolls of enchant weapon
 q - a scroll of teleportation
 r - 3 scrolls of fog
 s - a scroll of fear
 t - a scroll of amnesia
Potions
 k - a potion of brilliance
 m - 3 potions of might
 p - a potion of haste {unknown}
 v - 2 potions of degeneration {unknown}


   Skills:
 + Level 5.7 Fighting
 + Level 6.9 Polearms
 + Level 7.6 Dodging
 + Level 6.9 Stealth
 + Level 5.4 Spellcasting
 + Level 6.9 Summonings


You had 11 spell levels left.
You knew the following spells:

 Your Spells              Type           Power      Damage    Failure   Level
a - Summon Small Mammal   Summ           100%       N/A       1%          1
b - Call Canine Familiar  Summ           45%        N/A       2%          3
c - Summon Guardian Gole  Hex/Summ       26%        N/A       9%          3

Your spell library contained the following spells:

 Spells                   Type           Power      Damage    Failure   Level
 Call Imp                 Summ           45%        N/A       1%          2
 Summon Lightning Spire   Summ/Air       26%        N/A       30%         4
 Ignite Poison            Fire/Tmut/Pois 7%         N/A       36%         3
 Inner Flame              Hex/Fire       7%         N/A       36%         3
 Mephitic Cloud           Conj/Pois/Air  7%         N/A       36%         3
 Cause Fear               Hex            3%         N/A       77%         4
 Freezing Cloud           Conj/Ice/Air   3%         6-21      98%         5
 Simulacrum               Ice/Necr       3%         N/A       100%        6
 Discord                  Hex            3%         N/A       100%        8
 Polar Vortex             Ice            3%         N/A       100%        9


Dungeon Overview and Level Annotations

Branches:
Dungeon (7/15)             Temple (1/1) D:5            Lair (0/6) D:10
  Sewer (visited)

Altars:
Ashenzari
Cheibriados
Dithmenos
Elyvilon
Kikubaaqudgha
Makhleb
Nemelex Xobeh
Okawaru
Qazlal
Ru
Trog
Uskayaw
Vehumet
Wu Jian
Xom
Yredelemnul
Zin
The Shining One

Shops:
D:2 ::?!=   D:5 (*:

Annotations:
D:6 5 runed translucent doors


Innate Abilities, Weirdness & Mutations

((You are very nimble when in or above water. (Stealth+, EV+, Speed+++)))
Your lower body shifts to a powerful aquatic tail in water.


Message History

Your hound misses the killer bee.
The water moccasin barely misses your hound.
You feel sick.
You are no longer poisoned.
The killer bee barely misses you. The water moccasin misses your hound.
The killer bee completely misses you.
Your hound barely misses the killer bee.
You feel clever all of a sudden. The killer bee barely misses you.
The water moccasin bites your hound!
Your hound is poisoned.
The water moccasin poisons your hound! The killer bee completely misses you.
Your hound misses the killer bee.
The water moccasin barely misses your hound.
The killer bee stings you.
* * * LOW HITPOINT WARNING * * *
Your hound bites the killer bee.
You completely miss the killer bee.
The killer bee is lightly wounded.
The killer bee stings you.
* * * LOW HITPOINT WARNING * * *
The killer bee stings you.
* * * LOW HITPOINT WARNING * * *
The water moccasin bites your hound.
Your hound bites the killer bee.
The killer bee misses you. The water moccasin bites your hound.
Your hound closely misses the water moccasin.
The killer bee closely misses you.
Blink to where?
Press: ? - help, Dir - move target
Found a book of Decay.
Found a stone staircase leading down.
As you read the scroll of blinking, it crumbles to dust.
You see here a book of Decay.
Casting: Call Canine Familiar (dangerous; 2% risk of failure)
Confirm with . or Enter, or press ? or * to list all spells.
You feel a surge of power! The killer bee closely misses you.
The killer bee barely misses you. The killer bee barely misses you.
Found 15 gold pieces.
The killer bee closely misses you.
Your hound completely misses the killer bee.
The killer bee stings you.
You die...

#.###...##
.########z###....=
.........z......#
#.......#.####.##
#.#####.#.# #.#
##.# #.#.# #.#
######..# #...#
#.# ........#
#.######.#
#@#####........#
#.yh:.S..# #.#
##.#####.# #.###
...# ###.#


#SZ.S .....$ ...# #.### ###########y#####.# #$..§.hSSZ# #.######### You could
see a water moccasin, a killer bee (ally target) and a friendly hound
(summoned).

Vanquished Creatures
  Grinder (D:6)
  A scorpion (D:6)
  2 iguanas
  A gnoll (D:5)
  2 adders
  3 worms
  2 orcs
  An endoplasm (D:4)
  A giant cockroach (D:5)
  3 hobgoblins
  A ball python (D:2)
  2 goblins (D:3)
  4 kobolds (Sewer)
  3 rats
27 creatures vanquished.

Vanquished Creatures (collateral kills)
  A yak (D:5)
  Sigmund (D:2)
  A water moccasin (D:5)
  An ogre (D:6)
  A centaur (D:6)
  2 kobold brigands (Sewer)
  A scorpion (D:4)
  A wight (D:10)
  A jelly (D:4)
  A bullfrog skeleton (D:6)
  2 hounds
  A centaur skeleton (D:4)
  A gnoll shaman (D:4)
  Jessica (D:3)
  An orc wizard (D:4)
  5 adders
  2 gnolls (D:5)
  A river rat (Sewer)
  An ufetubus (D:6)
  2 worms (D:2)
  3 dart slugs
  9 orcs
  5 ball pythons
  2 endoplasms
  2 giant cockroaches
  4 goblins
  2 hobgoblins (D:1)
  4 jackals (D:1)
  3 kobolds
  4 quokkas
  3 bats
  2 frilled lizards (D:1)
  10 rats
81 creatures vanquished.

Vanquished Creatures (others)
  Maggie (D:6)
  3 yaks (D:5)
  A steam dragon (D:5)
  A necrophage (D:5)
  A centaur (D:10)
  An ogre (D:6)
  2 wolves (D:10)
  A scorpion (D:6)
  3 killer bees (D:10)
  A howler monkey (D:10)
  An iguana (D:6)
  2 fungi (D:10)
  18 plants (D:10)
36 creatures vanquished.

Grand Total: 144 creatures vanquished

Notes
Turn   | Place    | Note
-------+----------+-------------------------------------------
     0 | D:1      | themarg the Merfolk Summoner began the quest for the Orb.
     0 | D:1      | Reached XP level 1. HP: 13/13 MP: 3/3
   381 | D:1      | Reached XP level 2. HP: 19/19 MP: 0/5
   506 | D:1      | Reached skill level 3 in Dodging
  1379 | D:2      | Reached XP level 3. HP: 24/24 MP: 2/6
  1675 | D:2      | Noticed Sigmund
  1939 | D:2      | Found Kuallys's Magic Scroll Shop.
  1945 | D:2      | Bought a scroll of identify for 20 gold pieces
  1997 | D:2      | Found Ihyuck's Book Shop.
  2035 | D:2      | Learned a level 3 spell: Call Canine Familiar
  2122 | D:2      | Found Age Miekh's Book Boutique.
  2156 | D:2      | Killed Sigmund
  2157 | D:2      | Reached skill level 1 in Fighting
  2157 | D:2      | Reached skill level 4 in Dodging
  2157 | D:2      | Reached XP level 4. HP: 20/32 MP: 3/8
  2157 | D:2      | Reached XP level 5. HP: 23/37 MP: 3/9
  2340 | D:2      | Found Ywax's Distillery.
  2384 | D:2      | Found Godux's Jewellery Shoppe.
  2997 | D:3      | Found a radiant altar of Vehumet.
  2997 | D:3      | Found a stormy altar of Qazlal.
  3083 | D:3      | Noticed Jessica
  3090 | D:3      | Killed Jessica
  3091 | D:3      | Reached skill level 1 in Polearms
  3091 | D:3      | Reached XP level 6. HP: 44/44 MP: 1/10
  3464 | D:2      | Bought a potion of curing for 30 gold pieces
  4185 | D:4      | Reached skill level 5 in Summonings
  4280 | D:4      | Reached XP level 7. HP: 51/51 MP: 9/12
  4598 | D:5      | Entered Level 5 of the Dungeon
  4671 | D:5      | Reached skill level 5 in Dodging
  5050 | D:5      | Found a glowing drain.
  5054 | Sewer    | Entered a sewer
  5637 | D:5      | Found Esucw's Weapon Emporium.
  5637 | D:5      | Found Cubribao's Assorted Antiques.
  5637 | D:5      | Found Teck's Book Emporium.
  5638 | D:5      | Noticed a steam dragon
  5720 | D:4      | Learned a level 3 spell: Summon Guardian Golem
  5761 | D:5      | Noticed a yak
  5761 | D:5      | Noticed a yak
  5762 | D:5      | Noticed a yak
  5762 | D:5      | Noticed a yak
  5834 | D:5      | Killed a yak
  5835 | D:5      | Reached skill level 5 in Stealth
  5835 | D:5      | Reached XP level 8. HP: 60/60 MP: 7/14
  5844 | D:5      | Killed a yak
  5849 | D:5      | Killed a yak
  5850 | D:5      | Reached skill level 6 in Dodging
  6088 | D:5      | Killed a yak
  6089 | D:5      | Reached skill level 5 in Polearms
  6549 | D:5      | Found a staircase to the Ecumenical Temple.
  6558 | Temple   | Entered the Ecumenical Temple
  6850 | Temple   | Became a worshipper of Ru the Awakened
  7080 | D:6      | Reached XP level 9. HP: 55/66 MP: 9/15
  7221 | D:6      | Noticed Maggie
  7250 | D:6      | Killed Maggie
  7251 | D:6      | Reached skill level 5 in Fighting
  7569 | D:6      | Reached skill level 7 in Dodging
  7724 | D:6      | Found the +9 staff of Olgreb {rPois∞}
  7729 | D:6      | Found a runed translucent door.
  7737 | D:6      | Noticed Grinder
  7799 | D:6      | Killed Grinder
  7800 | D:6      | Reached skill level 5 in Spellcasting
  8010 | D:6      | Found a runed translucent gate.
  8182 | D:6      | Found a runed translucent gate.
  8182 | D:6      | Found a runed translucent gate.
  8191 | D:6      | Found a runed translucent door.
  8291 | D:6      | Found a shimmering altar of Xom.
  8442 | D:7      | You fall into a shaft and drop 3 floors!
  8442 | D:10     | Entered Level 10 of the Dungeon
  8442 | D:10     | Noticed a two-headed ogre
  8465 | D:10     | Found a staircase to the Lair.
  8465 | D:10     | Noticed a troll
  8510 | D:10     | HP: 2/69 [killer bee (4)]
  8518 | D:10     | Slain by a killer bee

Illustrated notes

Levels and vault maps discovered:
D:1:      lemuel_arrival_river_ford, layout_basic, serial_bayou_pond_d
D:2:      layout_loops_ring, serial_shops, shop_fountains, shop, shop, shop,
          nicolae_shop_stone, uniq_sigmund
D:3:      layout_basic, amethyst_overflow_temple_binary, minmay_misc_feat_five,
          uniq_jessica
D:4:      layout_loops_ring, dk_noncrumbling_2
D:5:      layout_basic, lemuel_temple_firewalk_a, gup_sewer_entry_bowl,
          nicolae_wooded_promenade
D:6:      layout_loops_cross, lemuel_round_altar,
          minmay_guarded_unrand_staff_of_olgreb, uniq_grinder, uniq_maggie
D:7:      layout_rooms, overflow_temple_1_default, kennysheep_boxes
D:10:     cheibrodos_wizards_tower, layout_loops_ring, fedhas_altar_fruit_tree,
          minmay_lair_entry_grove, david_orc_4
Temple:   regret_index_temple_generic_petals

Skill      XL: |  1  2  3  4  5  6  7  8  9 |
---------------+----------------------------+-----
Dodging        | 3 4 5 6 7 |  7.6
Fighting       | 1 2 3 4 5 |  5.7
Stealth        | 3 4 5 6 |  6.9
Spellcasting   | 3 4 5 |  5.4
Polearms       | 1 2 4 5 6 |  6.9
Summonings     | 5 6 |  6.9

Action                   |  1- 3 |  4- 6 |  7- 9 || total
-------------------------+-------+-------+-------++-------
Melee: Unarmed           |     9 |       |       ||     9
       Whip              |     7 |       |       ||     7
       Scythe            |       |    25 |    99 ||   124
       Tailslap          |       |       |     1 ||     1
 Cast: Summon Small Mamm |    64 |    25 |     7 ||    96
       Call Canine Famil |     1 |    14 |    51 ||    66
       Summon Guardian G |       |       |    18 ||    18
  Use: Scroll            |     1 |     3 |    14 ||    18
       Potion            |       |       |     4 ||     4
 Stab: Sleeping          |       |     1 |       ||     1
       Distracted        |       |       |     1 ||     1
Armor: Robe              |     2 |     4 |    13 ||    19
Dodge: Dodged            |    13 |    10 |   136 ||   159
